 Dungeon Crawl Stone Soup version 0.30-a0-879-ga8ba668304 (webtiles) character file.

Game seed: 5383687974815076694

79 Gerhazo the Ducker (level 4, 0/31 HPs)
             Began as a Djinni Hedge Wizard on Mar 13, 2023.
             Killed from afar by Natasha (7 damage)
             ... with a magic dart
             ... on level 2 of the Dungeon.
             The game lasted 00:02:03 (1788 turns).

Gerhazo the Ducker (Djinni Hedge Wizard)            Turns: 1788, Time: 00:02:04

Health: 0/31       AC:  2    Str:  6 (9)  XL:     4   Next: 62%
Gold:   44         EV: 12    Int: 16 (18) God:
                   SH:  0    Dex:  9 (12)

rFire   + + .      SeeInvis .    a - +0 dagger
rCold   x . .      Faith    .    (no shield)
rNeg    . . .      Spirit   .    b - +0 robe
rPois   ∞          Reflect  .    c - +0 hat
rElec   .          Rampage  .    (no cloak)
rCorr   .                        (no gloves)
Will    .....                    (boots unavailable)
Stlth   +                        (no amulet)
HPRegen 0.25/turn                (no ring)
MPRegen 0.00/turn                (no ring)

@: confused, ambrosia-drunk, flying
A: sickness immunity, fire resistance 2, cold vulnerability 1, float, innate
caster, HP casting, extra vitality 1
a: no special abilities


You were on level 2 of the Dungeon.
You visited 1 branch of the dungeon, and saw 3 of its levels.

You collected 44 gold pieces.

Inventory:

Hand Weapons
 a - a +0 dagger (weapon)
Armour
 b - a +0 robe (worn)
 c - a +0 hat (worn)
Scrolls
 d - a scroll of amnesia {unknown}
 e - a scroll of noise {unknown}
 g - a scroll of enchant armour {unknown}
 j - a scroll of blinking {unknown}
 k - a scroll of identify {unknown}
 l - a scroll of enchant weapon {unknown}
Potions
 f - a potion of mutation {unknown}
 i - a potion of brilliance {unknown}
 m - a potion of cancellation {unknown}


   Skills:
 + Level 0.2 Fighting
 + Level 3.3 Dodging
 + Level 2.5 Stealth
 + Level 3.0 Spellcasting


You knew the following spells:

 Your Spells              Type           Power      Damage    Failure   Level
a - Magic Dart            Conj           48%        1d5       5%          1
b - Slow                  Hex            48%        N/A       5%          1
c - Blink                 Tloc           24%        N/A       9%          2
d - Call Imp              Summ           12%        N/A       9%          2
e - Mephitic Cloud        Conj/Pois/Air  12%        N/A       16%         3
f - Freeze                Ice            48%        1d6       5%          1
Your spell library was empty.

Dungeon Overview and Level Annotations

Branches:
Dungeon (3/15)

Altars:

Annotations:
D:2 Natasha
D:3 Ijyb, Jessica


Innate Abilities, Weirdness & Mutations

You are immune to sickness and miasma.
You are immune to poison.
Your flesh is very heat resistant. (rF++)
You are vulnerable to cold. (rC-)
You float through the air rather than walking.
You learn spells naturally, not from books.
Your magical power is your life essence.
You have superior vitality. (+4 MHP)


Message History

Natasha casts a spell at you. The magic dart hits you!
Your crimson imp hits Natasha but does no damage.
You are too injured to fight recklessly!
Casting: Call Imp (safe; 7% risk of failure)
Confirm with . or Enter, or press ? or * to list all spells.
A shadowy apparition takes form in the air.
Your crimson imp disappears in a puff of smoke!
What are your orders? t - Shout!
Orders for allies: a - Attack new target. r - Retreat! s - Stop attacking. g - Guard the area. f - Follow me.
Anything else - Cancel.
Gang up on whom?
Press: ? - help, Dir - move target, f - Natasha
Aim: Natasha (blue smoke, lightly wounded, ally target) Attack!
Natasha claws you.
* * * LOW HITPOINT WARNING * * *
Your shadow imp barely misses Natasha.
Unknown command.
Natasha attacks as you move away! Natasha claws you!
* * * LOW HITPOINT WARNING * * *
Natasha claws your shadow imp.
Your shadow imp closely misses Natasha.
Natasha claws your shadow imp.
Your shadow imp dies!
Your shadow imp disappears in a puff of smoke!
Okay, then.
It was a potion of degeneration.
There was something very wrong with that liquid.
You feel weakened.
You feel dopey.
You feel clumsy.
It was a potion of ambrosia.
You are confused.
You feel invigorated. Natasha claws you.
* * * LOW HITPOINT WARNING * * *
Natasha mumbles some strange words.
Natasha's front paws start to glow.
Natasha casts a spell at you. The magic dart hits you!
You die...

#. ##'## #.#### #. ####.###
##...## #....# #. #....>.#
##.....## ##.##.# #.
#.#..#.###....>..## ##..##.###.
##......##.....†...####..........
..[......'†..."....'.......#.####
##......##.....h...####...##.#
#.#....###.......#........#.#
#......# ##....@##.###......#
#####.## ##...###........### #.
##'## #####.#### .. #.# #.# ..
#.# #.# #.# #.# .. #.# #.# #.#


You could see Natasha.

Vanquished Creatures
  3 adders
  3 dart slugs
  7 bats
  3 endoplasms
  A giant cockroach (D:1)
  2 goblins
  5 hobgoblins
  A jackal (D:2)
  2 quokkas
  5 ball pythons
  3 frilled lizards (D:1)
  4 kobolds (D:1)
  2 rats (D:1)
41 creatures vanquished.

Vanquished Creatures (collateral kills)
  A jackal (D:2)
  A bat (D:3)
2 creatures vanquished.

Grand Total: 43 creatures vanquished

Notes
Turn   | Place    | Note
-------+----------+-------------------------------------------
     0 | D:1      | Gerhazo the Djinni Hedge Wizard began the quest for the
                  | Orb.
     0 | D:1      | Gerhazo set off with the following spells memorised: Magic
                  | Dart, Slow, Blink, Call Imp, Mephitic Cloud.
     0 | D:1      | Reached XP level 1. HP: 15/15 MP: 0/0
   150 | D:1      | Reached XP level 2. HP: 15/21 MP: 0/0
   432 | D:1      | Reached XP level 3. HP: 24/25 MP: 0/0
   432 | D:1      | Learned a level 1 spell: Freeze
  1048 | D:2      | Reached XP level 4. HP: 24/31 MP: 0/0
  1536 | D:3      | Noticed Ijyb
  1772 | D:3      | Noticed Jessica
  1772 | D:3      | Noticed Natasha
  1788 | D:2      | Killed from afar by Natasha

Illustrated notes

Levels and vault maps discovered:
D:1:      dpeg_arrival_tiny_d, layout_loops_ring
D:2:      layout_loops_corners, uniq_sigmund
D:3:      layout_basic, st_stairs_8, uniq_ijyb, uniq_jessica, uniq_natasha

Skill      XL: |  1  2  3  4 |
---------------+-------------+-----
Stealth        | 2 |  2.5
Dodging        | 3 |  3.3
Spellcasting   | 3 |  3.0
Fighting       | |  0.2

Action                     |  1- 3 |  4- 6 || total
---------------------------+-------+-------++-------
   Cast: Magic Dart        |    85 |    33 ||   118
         Call Imp          |     3 |    10 ||    13
         Blink             |     1 |       ||     1
    Use: Potion            |       |     2 ||     2
 Armour: Robe              |     4 |     4 ||     8
  Dodge: Dodged            |    19 |    14 ||    33

Table legend: (Time is in decaauts)
 A = Elapsed time spent in this place.
 B = Non-inter-level travel time spent in this place.
 C = Inter-level travel time spent in this place.
 D = Time resting spent in this place.
 E = Time spent auto-exploring this place.
 F = Levels seen in this place.
 G = Mean time per level.
                   A        B        C        D        E       F      G
               +--------+--------+--------+--------+--------+-----+--------+
         Total |   1790 |   1725 |     65 |    146 |   1266 |   3 |  596.7 |
       Dungeon |   1790 |   1725 |     65 |    146 |   1266 |   3 |  596.7 |
               +--------+--------+--------+--------+--------+-----+--------+

Top non-repeatable levels by time:
     D:1: 908 daAuts
     D:2: 596 daAuts
     D:3: 286 daAuts
